 Dungeon Crawl Stone Soup version 0.28-a0-861-ge64d6db94f (webtiles) character file.

Game seed: 12973235572250747802

2964 cheechan the Quickloader (level 9, -3/82 HPs)
             Began as a Naga Hunter on Nov 15, 2021.
             Killed from afar by an efreet (14 damage)
             ... with a bolt of fire
             ... on level 8 of the Dungeon.
             The game lasted 00:32:38 (6121 turns).

cheechan the Quickloader (Naga Hunter)              Turns: 6121, Time: 00:32:38

Health: -3/82      AC: 11    Str: 22    XL:     9   Next: 82%
Magic:  0/9        EV:  5    Int: 12    God:
Gold:   226        SH:  0    Dex: 19    Spells: 8/8 levels left

rFire   + . .      SeeInvis +   a - +3 hand crossbow
rCold   + . .      Faith    .   (no shield)
rNeg    . . .      Spirit   +   m - +0 plate armour
rPois   +          Reflect  .   j - +0 helmet
rElec   +          Harm     .   (no cloak)
rCorr   +          Rampage  .   (no gloves)
Will    +....                   (no barding)
Stlth   ..........              g - amulet of guardian spirit
HPRegen 0.23/turn               s - +6 ring of dexterity
MPRegen 0.11/turn               w - +6 ring of strength

@: resistant, very slow
A: AC +3, large, see invisible, deformed body, poison resistance, slowness 2,
spit poison 1, naga tail 1
a: Spit Poison


You were on level 8 of the Dungeon.
You visited 2 branches of the dungeon, and saw 9 of its levels.

You collected 310 gold pieces.
You spent 84 gold pieces at shops.

Inventory:

Hand Weapons
 a - a +3 hand crossbow (weapon)
 c - a +0 hunting sling
 k - a +2 dagger of speed
 p - a +3 dagger of venom
 t - a +2 mace of holy wrath
 v - a +1 vampiric dagger
 z - a +1 trident of venom
 E - a +1 dire flail of protection
Missiles
 d - 55 bolts (quivered ammo)
 o - 40 sling bullets
 r - 2 atropa-tipped darts
 x - a throwing net
 y - 12 arrows
Armour
 j - a +0 helmet (worn)
 m - a +0 plate armour (worn)
Jewellery
 g - an amulet of guardian spirit (around neck)
 q - a ring of protection from cold
 s - a +6 ring of dexterity (left hand)
 w - a +6 ring of strength (right hand)
Wands
 D - a wand of flame (24)
Scrolls
 e - a scroll of teleportation
 C - a scroll of blinking
 G - 2 scrolls of magic mapping
Potions
 f - a potion of might
 h - 3 potions of curing
 l - 4 potions of lignification
 n - 2 potions of cancellation
 u - a potion of attraction
 A - a potion of berserk rage
 B - 2 potions of brilliance
 F - a potion of degeneration {unknown}


   Skills:
 + Level 5.8 Fighting
 + Level 9.4 Crossbows
 + Level 5.7 Armour
 + Level 2.7 Dodging
 + Level 2.2 Stealth


You had 8 spell levels left.
You didn't know any spells.
Your spell library contained the following spells:

 Spells                   Type           Power      Damage    Failure   Level
 Animate Skeleton         Necr           0%         N/A       99%         1
 Apportation              Tloc           0%         N/A       99%         1
 Summon Small Mammal      Summ           0%         N/A       99%         1
 Ozocubu's Armour         Ice            0%         N/A       100%        3
 Irradiate                Conj/Tmut      0%         3d13      100%        5
 Iron Shot                Conj/Erth      0%         9d1       100%        6
 Ozocubu's Refrigeration  Ice            0%         4d5       100%        7
 Spellforged Servitor     Conj/Summ      0%         N/A       100%        7


Dungeon Overview and Level Annotations

Branches:
Dungeon (8/15)             Temple (1/1) D:5            Lair (0/6) D:8

Altars:
Ashenzari
Cheibriados
Elyvilon
Fedhas
Gozag
Hepliaklqana
Kikubaaqudgha
Makhleb
Nemelex Xobeh
Qazlal
Ru
Sif Muna
Trog
Uskayaw
Vehumet
Wu Jian
Xom
Yredelemnul
Zin
The Shining One

Shops:
D:6 ?

Annotations:
D:8 Joseph


Innate Abilities, Weirdness & Mutations

Your serpentine skin is tough. (AC +3)
You have supernaturally acute eyesight. (SInv)
Armour fits poorly on your strangely shaped body.
Your system is resistant to poisons. (rPois)
You cover ground very slowly.
You can spit poison.
You have a snake-like lower body.


Message History

The splash of poison hits the efreet but does no damage.
The efreet is moderately wounded.
The efreet gestures at you.
The fireball explodes!
The fireball engulfs you. You resist.
The fireball engulfs the efreet.
The efreet completely resists.
Fire: 58 bolts
Press: ? - help, Shift-Dir - straight line, f/p - efreet
Aim: an efreet, wielding a +0 scimitar of flaming (moderately wounded, 84% to hit)
You shoot a bolt.
The bolt hits the efreet but does no damage.
The efreet is moderately wounded.
The efreet gestures at you.
The fireball explodes!
The fireball engulfs you! You resist.
The fireball engulfs the efreet.
The efreet completely resists.
Fire: 57 bolts
Press: ? - help, Shift-Dir - straight line, f/p - efreet
Aim: an efreet, wielding a +0 scimitar of flaming (moderately wounded, 85% to hit)
You shoot a bolt. The bolt hits the efreet.
The efreet is moderately wounded.
The efreet gestures at you.
The fireball explodes!
The fireball engulfs you! You resist.
* * * LOW HITPOINT WARNING * * *
The fireball engulfs the efreet.
The efreet completely resists.
Fire: 56 bolts
Press: ? - help, Shift-Dir - straight line, f/p - efreet
Aim: an efreet, wielding a +0 scimitar of flaming (moderately wounded, 85% to hit)
You shoot a bolt. The bolt hits the efreet!
The efreet is heavily wounded.
You have got your breath back.
The efreet hits you with a +0 scimitar of flaming!!
* * * LOW HITPOINT WARNING * * *
The efreet burns you.
* * * LOW HITPOINT WARNING * * *
You feel better.
The efreet hits you with a +0 scimitar of flaming!
* * * LOW HITPOINT WARNING * * *
You feel better. The efreet gestures at you. The bolt of fire hits you!
You resist.
You die...

##.#.#.##.#*,,,*,,<,,,,*
.....o..#.#***,.......,*
#.....(..|# **#......,*
.......(D#### #......,*
#.......☼...# #....,,,*
#......$..[(####?..,,,,*
#........(..(....#######
..##.....(..((...(!....#*
#**#......?.##(R@.......**
,,,..........>.).(......,*
,*##.....#...###########**
** #.....###..* *,,,,,*
#,,** *,,,,,* **,,**
*,<,,,* *,,,* *,,,,,*
***** *,,,,,*


You could see an efreet.

Vanquished Creatures
  Pikel (D:7)
  A centaur zombie (D:6)
  A steam dragon (D:8)
  Edmund (D:6)
  An orc warrior (D:8)
  An ice beast (D:4)
  2 sky beasts
  A black bear (D:6)
  An ogre (D:7)
  A phantom (D:5)
  2 lemures (D:7)
  3 scorpions
  3 bullfrogs
  2 water moccasin skeletons
  5 howler monkeys
  An orc priest (D:4)
  4 hounds
  A jelly (D:6)
  Terence (D:3)
  An iguana (D:5)
  5 orc wizards
  A killer bee zombie (D:7)
  7 gnolls
  8 adders
  An ufetubus (D:4)
  A worm (D:2)
  2 dart slugs
  25 orcs
  3 bats
  9 endoplasms
  3 giant cockroaches
  9 goblins
  9 hobgoblins
  17 jackals
  7 kobolds
  2 quokkas (D:2)
  9 ball pythons
  A frilled lizard (D:1)
  3 rats (D:1)
156 creatures vanquished.

Vanquished Creatures (others)
  An orc (D:8)
  3 fungi (D:8)
  11 plants (D:8)
15 creatures vanquished.

Grand Total: 171 creatures vanquished

Notes
Turn   | Place    | Note
-------+----------+-------------------------------------------
     0 | D:1      | cheechan the Naga Hunter began the quest for the Orb.
     0 | D:1      | Reached XP level 1. HP: 19/19 MP: 1/1
    74 | D:1      | Reached XP level 2. HP: 20/26 MP: 2/2
   251 | D:1      | Reached skill level 4 in Crossbows
   342 | D:1      | Reached XP level 3. HP: 32/32 MP: 3/3
  1113 | D:2      | Reached XP level 4. HP: 29/39 MP: 2/4
  1379 | D:2      | Found a faded altar of an unknown god.
  1384 | D:2      | Reached skill level 1 in Armour
  1585 | D:3      | Noticed Terence
  1585 | D:3      | Noticed a scorpion
  1596 | D:2      | Reached skill level 5 in Crossbows
  1599 | D:2      | Killed a scorpion
  1600 | D:2      | Reached XP level 5. HP: 25/46 MP: 5/5
  1781 | D:3      | Killed Terence
  1958 | D:3      | Found a stormy altar of Qazlal.
  2177 | D:3      | Found a glowing golden altar of the Shining One.
  2177 | D:3      | Found a white marble altar of Elyvilon.
  2177 | D:3      | Found a glowing silver altar of Zin.
  2447 | D:3      | Reached XP level 6. HP: 54/55 MP: 6/6
  2674 | D:4      | Reached skill level 6 in Crossbows
  2953 | D:4      | Noticed an ice beast
  2964 | D:4      | Killed an ice beast
  2965 | D:4      | Reached XP level 7. HP: 33/61 MP: 2/7
  3085 | D:4      | Found a basalt altar of Yredelemnul.
  3085 | D:4      | Found a burning altar of Makhleb.
  3087 | D:4      | Found a sparkling altar of Nemelex Xobeh.
  3404 | D:5      | Entered Level 5 of the Dungeon
  3415 | D:5      | Reached skill level 7 in Crossbows
  3734 | D:5      | Reached XP level 8. HP: 67/70 MP: 8/8
  3873 | D:5      | Found a staircase to the Ecumenical Temple.
  3879 | Temple   | Entered the Ecumenical Temple
  4239 | D:6      | Reached skill level 8 in Crossbows
  4241 | D:6      | Got the Tome of Battle Magic
  4629 | D:6      | Found Duzioh Hyty's Magic Scroll Emporium.
  4648 | D:6      | Bought 3 scrolls of identify for 84 gold pieces
  4663 | D:6      | Noticed Edmund
  4677 | D:6      | Killed Edmund
  4746 | D:6      | Reached XP level 9. HP: 66/79 MP: 7/9
  5625 | D:7      | Reached skill level 5 in Armour
  5634 | D:7      | Reached skill level 5 in Fighting
  5973 | D:7      | Noticed Pikel
  5982 | D:7      | Killed Pikel
  5983 | D:7      | Reached skill level 9 in Crossbows
  6082 | D:8      | Found a staircase to the Lair.
  6086 | D:8      | Noticed Joseph
  6101 | D:8      | Noticed an efreet
  6121 | D:8      | Killed from afar by an efreet

Illustrated notes

Levels and vault maps discovered:
D:1:      dpeg_arrival_signposts, layout_basic
D:2:      layout_rooms, hellmonk_ecumenical_altar_slurped_away,
          kennysheep_pointless_box, grunt_decor_cap
D:3:      layout_loops_cross, good_gods_mini_temple, grunt_qazlal_sundering,
          minmay_strange_pillars, minmay_strange_pillars, uniq_terence
D:4:      layout_basic, nicolae_overflow_hidden_temple
D:5:      layout_rooms, minmay_temple_entry_enclosed_plants
D:6:      layout_basic, serial_shops, nicolae_shop_crystal, uniq_edmund
D:7:      layout_loops_ring, minmay_misc_feat_tiny, uniq_pikel
D:8:      layout_rooms, lemuel_coloured_pillars_altar, minmay_lair_entry_grove,
          uniq_erica, uniq_joseph
Temple:   nicolae_temple_figure_eight

Skill      XL: |  1  2  3  4  5  6  7  8  9 |
---------------+----------------------------+-----
Crossbows      | 4 5 6 7 8 9 |  9.4
Armour         | 1 3 4 5 |  5.7
Fighting       | 3 4 5 |  5.8
Dodging        | 2 |  2.7
Stealth        | 2 |  2.2

Action                   |  1- 3 |  4- 6 |  7- 9 || total
-------------------------+-------+-------+-------++-------
 Fire: Hand crossbow     |    91 |   115 |   204 ||   410
 Abil: Spit Poison       |    12 |    24 |    30 ||    66
  Use: Scroll            |     2 |     7 |    12 ||    21
       Potion            |       |       |     5 ||     5
Armor: Leather armour    |    36 |     3 |       ||    39
       Plate armour      |       |    66 |   151 ||   217
Dodge: Dodged            |    45 |    20 |    62 ||   127

Table legend: (Time is in decaauts)
 A = Elapsed time spent in this place.
 B = Non-inter-level travel time spent in this place.
 C = Inter-level travel time spent in this place.
 D = Time resting spent in this place.
 E = Time spent auto-exploring this place.
 F = Levels seen in this place.
 G = Mean time per level.
                   A        B        C        D        E       F      G
               +--------+--------+--------+--------+--------+-----+--------+
         Total |   8131 |   8131 |      0 |    431 |      0 |   9 |  903.4 |
       Dungeon |   7880 |   7880 |      0 |    431 |      0 |   8 |  985.0 |
        Temple |    251 |    251 |      0 |      0 |      0 |   1 |  251.0 |
               +--------+--------+--------+--------+--------+-----+--------+

Top non-repeatable levels by time:
     D:6: 1380 daAuts
     D:2: 1243 daAuts
     D:4: 1180 daAuts
     D:3: 1096 daAuts
     D:7: 1093 daAuts
     D:1: 1037 daAuts
     D:5: 807 daAuts
  Temple: 251 daAuts
     D:8: 42 daAuts
